 Dungeon Crawl Stone Soup version 0.30-a0-6-g7c9e10e132 (webtiles) character file.

Game seed: 16386307833905462879

215336 rubashov the Marksdjinni (level 19, 0/141 HPs)
             Began as a Djinni Fire Elementalist on Aug 22, 2022.
             Was the Champion of Okawaru.
             Killed from afar by a manticore (11 damage)
             ... with a volley of spikes
             ... on level 2 of the Shoals.
             The game lasted 02:15:55 (41762 turns).

rubashov the Marksdjinni (DjFE)                    Turns: 41762, Time: 02:15:56

Health: 0/141      AC: 12    Str:  9    XL:     19   Next: 75%
Gold:   2107       EV: 23    Int: 28    God:    Okawaru [******] SH:  0 Dex: 22

rFire   + + +      SeeInvis .    C - +12 shortbow of Contention {vorpal, +Blink Will++ MP-9 Dex+9}
rCold   . . .      Faith    +    (shield currently unavailable)
rNeg    . . .      Spirit   .    O - +2 robe {rC+ rF+}
rPois   ∞          Reflect  .    f - +0 helmet of Osudo {Str+2 Int+2}
rElec   .          Harm     .    Y - +2 cloak {Will+}
rCorr   .          Rampage  .    U - +2 pair of gloves
Will    ++++.                    (boots unavailable)
Stlth   ++++++++..               G - amulet of faith
HPRegen 0.33/turn                k - +4 ring of slaying
MPRegen 0.00/turn                M - ring of Shadows {Umbra +Inv Stlth+}

@: finesse-ful, spiked, flying, wreathed by umbra, studying Fighting
A: sickness immunity, fire resistance 2, cold vulnerability 1, float, innate
caster, HP casting, extra vitality 1
}: 1/15 runes: serpentine
a: Renounce Religion, Evoke Blink, Evoke Invisibility, Heroism, Finesse, Duel


You were on level 2 of the Shoals.
You worshipped Okawaru.
Okawaru was exalted by your worship.
You visited 6 branches of the dungeon, and saw 29 of its levels.
You also visited: Gauntlet and Volcano.

You collected 2755 gold pieces.
You spent 648 gold pieces at shops.

Inventory:

Hand Weapons
 C - the +12 shortbow of Contention (weapon) {vorpal, +Blink Will++ MP-9 Dex+9}
   (You bought it in a shop on level 7 of the Dungeon)

   Any ammunition fired from it inflicts extra damage upon your enemies.
   Dex:       It affects your dexterity (+9).
   MP:        It affects your magic capacity (-9).
   +Blink:    It lets you blink.
   Will:      It greatly increases your willpower.
 E - the +7 longbow of the Asp {venom, Str+4 Int+3}
   (Okawaru gifted it to you on level 3 of the Snake Pit)

   Any ammunition fired from it poisons the flesh of those it strikes.
   Str:       It affects your strength (+4).
   Int:       It affects your intelligence (+3).
 Q - the +11 war axe of the Spider Nest {flame, Int+4}
   (You took it off a minotaur in a Gauntlet)

   It burns those it strikes, dealing additional fire damage.
   Big, fiery blades are also staple armaments of hydra-hunters.
   Int:       It affects your intelligence (+4).
 X - the +5 arbalest "Duewn" {elec, rPois rN+}
   (Okawaru gifted it to you on level 3 of the Snake Pit)

   Any ammunition fired from it occasionally discharges a powerful burst of
   electricity upon striking a foe.
   rPois:     It protects you from poison.
   rN:        It protects you from negative energy.
Missiles
 m - 223 stones
 r - 3 throwing nets
Armour
 f - the +0 helmet of Osudo (worn) {Str+2 Int+2}
   (Okawaru gifted it to you on level 13 of the Dungeon)

   Str:       It affects your strength (+2).
   Int:       It affects your intelligence (+2).
 h - the +2 leather armour "Magog" {Will+ Str+2 Dex+3}
   (You bought it in a shop on level 3 of the Snake Pit)

   Str:       It affects your strength (+2).
   Dex:       It affects your dexterity (+3).
   Will:      It increases your willpower.
 q - the +5 scale mail of the Pleiades {rElec}
   (Okawaru gifted it to you in a Gauntlet)

   rElec:     It insulates you from electricity.
 O - a +2 robe of resistance (worn)
 S - a +2 hat of willpower
 U - a +2 pair of gloves (worn)
 V - the +14 chain mail of the Valley {rCorr}
   (You found it on level 5 of the Lair of Beasts)

   rCorr:     It protects you from acid and corrosion.
 Y - a +2 cloak of willpower (worn)
Jewellery
 g - a +6 ring of intelligence
 k - a +4 ring of slaying (left hand)
 A - a ring of resist corrosion
 G - an amulet of faith (around neck)
 M - the ring of Shadows (right hand) {Umbra +Inv Stlth+}
   (You found it in a Gauntlet)

   [ring of stealth]

   It surrounds you with an aura of shadow, increasing your stealth and reducing
   the accuracy of all others within it.
   +Inv:      It lets you turn invisible.
   Stlth:     It makes you more stealthy.
 T - a +4 ring of protection
 W - a ring of see invisible
Wands
 t - a wand of roots (17)
 x - a wand of flame (43)
 z - a wand of quicksilver (16)
 J - a wand of mindburst (20)
 N - a wand of polymorph (9)
 Z - a wand of digging (6)
Scrolls
 d - 12 scrolls of teleportation
 i - 2 scrolls of enchant armour
 n - 3 scrolls of fear
 s - 4 scrolls of magic mapping
 v - 6 scrolls of poison
 F - 7 scrolls of blinking
 K - 4 scrolls of immolation
 L - 6 scrolls of enchant weapon
 R - 15 scrolls of identify
Potions
 a - 5 potions of brilliance
 b - 2 potions of heal wounds
 c - 2 potions of ambrosia
 e - 8 potions of curing
 j - 6 potions of haste
 l - 5 potions of mutation
 o - 2 potions of resistance
 u - 3 potions of cancellation
 B - 6 potions of might
 D - 3 potions of invisibility
 H - 3 potions of attraction
Miscellaneous
 P - a condenser vane


   Skills:
 * Level 14.6 Fighting
 - Level 16.0 Ranged Weapons
 - Level 8.0 Armour
 - Level 14.0 Dodging
 - Level 8.0 Stealth
 - Level 0.5 Shields
 * Level 11.8 Spellcasting
 - Level 10.0 Invocations
 - Level 6.0 Evocations


You couldn't memorise any spells.
You knew the following spells:

 Your Spells              Type           Power      Damage    Failure   Level
a - Foxfire               Conj/Fire      100%       2x1d9     1%          1
b - Scorch                Fire           100%       2d10      1%          2
c - Conjure Flame         Conj/Fire      70%        6-21      1%          3
d - Inner Flame           Hex/Fire       70%        N/A       1%          3
e - Flame Wave            Conj/Fire      70%        2d16      1%          4
f - Necrotise             Necr           100%       1d9       1%          1
g - Call Imp              Summ           70%        N/A       1%          2
h - Passwall              Tmut/Erth      58%        N/A       1%          2
i - Corpse Rot            Necr/Pois/Air  70%        N/A       1%          4
j - Agony                 Necr           70%        N/A       1%          5
k - Lightning Bolt        Conj/Air       35%        1d53      1%          5
l - Simulacrum            Ice/Necr       35%        N/A       4%          6
m - Starburst             Conj/Fire      35%        6d10      4%          6
n - Statue Form           Tmut/Erth      46%        N/A       4%          6
Your spell library was empty.

Dungeon Overview and Level Annotations

Branches:
Dungeon (15/15)            Temple (1/1) D:7            Lair (5/5) D:11
 Shoals (2/4) Lair:2        Snake (4/4) Lair:2        Slime (0/5) Lair:5
    Orc (2/2) D:9             Elf (0/3) Orc:2        Vaults (0/5) D:14
 Depths (0/4) D:15        Volcano (visited)         Gauntlet (visited)

Altars:
Ashenzari
Cheibriados
Dithmenos
Elyvilon
Fedhas
Gozag
Hepliaklqana
Makhleb
Nemelex Xobeh
Okawaru
Qazlal
Ru
Trog
Uskayaw
Wu Jian
Xom
Yredelemnul
Zin
The Shining One
Jiyva

Shops:
D:7 (   Orc:2 [(:(   Shoals:1 **   Snake:3 [

Annotations:
Shoals:2 Ilsuiw


Innate Abilities, Weirdness & Mutations

You are immune to sickness and miasma.
You are immune to poison.
Your flesh is very heat resistant. (rF++)
You are vulnerable to cold. (rC-)
You float through the air rather than walking.
You learn spells naturally, not from books.
Your magical power is your life essence.
You have superior vitality. (+4 MHP)


Message History

The barbed spikes become lodged in your body.
The merfolk barely misses you.
You shoot an arrow. The arrow hits the white ugly thing.
The white ugly thing is heavily wounded.
The green ugly thing punches you.
The white ugly thing tentacle-slaps you!
The white ugly thing freezes you!!
You are too injured to fight recklessly!
You are too injured to fight recklessly!
You are too injured to fight recklessly!
Unknown command.
You fail to use your ability.
The manticore flicks its tail.
The volley of spikes hits you!!
The barbed spikes become lodged in your body.
The merfolk hits you from afar with a +0 trident!
* * * LOW HITPOINT WARNING * * *
The white ugly thing tentacle-slaps you.
* * * LOW HITPOINT WARNING * * *
The white ugly thing freezes you!!
* * * LOW HITPOINT WARNING * * *
The green ugly thing punches you.
* * * LOW HITPOINT WARNING * * *
Save game and exit?
You feel a wave of frost pass over you.
There is an entrance to an ice cave on this level.
Hurry and find it before the portal melts!
Level annotation: Ilsuiw Welcome back, rubashov the Djinni Fire Elementalist.
Okawaru says: Bring me glory in combat!
Press ? for a list of commands and other information.
Blink to where?
Press: ? - help, Dir - move target
Found a wand of roots (6).
As you read the scroll of blinking, it crumbles to dust.
The green ugly thing basks in the mutagenic energy from its kin and changes!
You feel better.
The manticore flicks its tail.
The volley of spikes hits you!
The barbed spikes become lodged in your body.
You die...

.,,,,,,,,,,,,,,,,,,<~~,,,,,,,,,~~
.*,,,∩,,,#..............,,,**,,,,
.,,,,.~............../.~,,,*,,,,,
.*,,,.~..#.........~....,,,,,,~~~
.,,,,.~u............~~..,~~~~~~~~
.,,*,#.#...........$.~~.~~~~~~~~~
,,,,,....u.)†.......~~~~~~~~~~~~~
,,,~~.......um.....~~~~~~~~~~~~~~
,,,~~..u...†u†..@.~~~~~~~~~~~~~~~
,,,~~~≈~~u.H§......~~~~~~~~~~~~~~
,,,~~~≈~~...)......~~~~~~~~~~~~~~
,,~~~~≈~~~........~~~~~≈~~~~~~~~~
,~~~~P≈~.~~.........~...~~~~~~~~~
~~~~~P≈~~~~......##...#.,~~~~~~~~
~~~~~≈≈~~~~.....##*####*,,~~~~~~~
~~~~~≈≈≈~~.~...## *,,~~~~~~~
,,~~~≈≈≈~~~~...# **###*,~~~~~~~~


You could see 4 ugly things, a merfolk and a manticore.

Vanquished Creatures
  Vashnia (Snake:3)
  A tengu reaver (D:12)
  Roxanne (Snake:3)
  A nagaraja (Snake:4)
  An orc warlord (Orc:2)
  Aizul (Snake:2)
  The ghost of Ithra the Warrior, a journeyman OgTm of Makhleb (Lair:4)
  A deep elf demonologist (D:12)
  A vampire knight (D:12)
  A minotaur (Gauntlet)
  Azrael (Snake:1)
  Snorg (Orc:1)
  2 merfolk impalers
  2 vault guards (D:14)
  A fire dragon (D:15)
  3 salamander tyrants (Snake:4)
  Harold (D:10)
  A boulder beetle (D:13)
  17 anacondas
  2 death knights (D:12)
  5 hydras
  The ghost of Wiilli the Summoner, a journeyman DESu of Hepliaklqana (D:12)
  2 ogre magi (D:12)
  18 naga warriors
  3 two-headed ogres
  Erica (D:9)
  4 catoblepae (Lair:5)
  3 centaur warriors
  A merfolk avatar (Shoals:1)
  5 death yaks (Lair:5)
  The ghost of Zeldest the Chopper, a novice DgFi (D:7)
  A tengu warrior (D:14)
  16 naga sharpshooters
  8 orc high priests
  14 shock serpents
  Lodul (D:12)
  7 salamander mystics
  2 skeletal warriors (D:15)
  2 sea snakes
  A flayed ghost (D:12)
  2 wizards
  A phantasmal warrior (D:15)
  15 naga ritualists
  An obsidian statue (Gauntlet)
  A necromancer (D:15)
  5 lindwurms
  A spectral wolf spider (D:12)
  3 harpies (Shoals:1)
  A wolf spider zombie (D:12)
  An orc knight (D:15)
  29 mana vipers
  A sphinx zombie (D:15)
  6 deep elf pyromancers
  3 orc sorcerers
  5 fauns (Shoals:1)
  19 ugly things
  8 cyclopes
  25 salamanders
  12 manticores
  A merfolk siren (Shoals:1)
  18 elephants
  45 black mambas
  11 guardian serpents
  Maurice (D:10)
  4 molten gargoyles (Volcano)
  21 naga magi
  2 water nymphs
  A rust devil (Gauntlet)
  4 gargoyles
  6 kobold demonologists
  2 unseen horrors
  2 spriggan zombies (D:15)
  11 cane toads
  11 komodo dragons
  A rime drake (Lair:4)
  Psyche (D:9)
  An ice devil (Gauntlet)
  An efreet (Volcano)
  8 tengu conjurers
  7 merfolk
  10 trolls
  2 wind drakes (Shoals:1)
  4 polar bears
  A wolf spider simulacrum (D:15)
  A hornet (D:8)
  Prince Ribbit (D:5)
  5 snapping turtles
  4 slime creatures (D:13)
  A centaur simulacrum (D:12)
  Sigmund (D:3)
  6 shadows
  A ynoxinul (Gauntlet)
  2 wraiths (D:10)
  59 yaks
  4 wyverns
  4 basilisks
  3 fire elementals (Snake:1)
  6 humans (D:14)
  A steam dragon (D:9)
  Grum (D:10)
  3 vampire mosquitoes
  A redback simulacrum (D:12)
  A human zombie (D:15)
  4 wargs
  47 nagas
  2 two-headed ogre zombies (D:9)
  4 acid dragons
  3 hell hounds
  2 sky beasts
  5 water moccasins
  13 orc warriors
  A black bear (D:5)
  3 boggarts (D:13)
  14 ogres
  20 wolves
  14 centaurs
  A phantom (D:5)
  4 gnoll sergeants
  2 kobold brigands (D:10)
  8 bullfrogs
  2 necrophages
  2 scorpions
  12 wights
  14 killer bees
  4 troll zombies (D:9)
  A vampire bat (Orc:2)
  4 electric eels
  3 howler monkeys
  A crimson imp (D:10)
  36 orc priests
  3 hounds
  Crazy Yiuf (D:5)
  A gnoll bouda (D:4)
  3 iron imps (Gauntlet)
  8 jellies
  8 iguanas
  20 orc wizards
  2 ogre zombies (D:9)
  23 gnolls
  7 adders
  2 shadow imps (D:8)
  7 white imps
  An ufetubus (D:5)
  2 worms
  65 orcs
  6 ball pythons
  6 endoplasms
  2 giant cockroaches (D:3)
  5 goblins
  2 hobgoblins
  7 kobolds
  14 bats
  5 frilled lizards
  A goblin skeleton (D:9)
  2 goblin zombies (D:9)
  3 hobgoblin skeletons (D:9)
  3 hobgoblin zombies (D:9)
  2 orc skeletons (D:9)
  13 orc zombies (D:9)
  4 rats
1011 creatures vanquished.

Vanquished Creatures (others)
  Asterion (Snake:2)
  2 vault guards (D:14)
  A shock serpent (Snake:1)
  A human (D:14)
  An orc (Orc:1)
  92 foxfires
  12 fungi
  47 plants
  27 withered plants
184 creatures vanquished.

Grand Total: 1195 creatures vanquished

Notes
Turn   | Place    | Note
-------+----------+-------------------------------------------
     0 | D:1      | rubashov the Djinni Fire Elementalist began the quest for
                  | the Orb.
     0 | D:1      | rubashov set off with the following spells memorised:
                  | Foxfire, Scorch, Conjure Flame, Inner Flame, Flame Wave.
     0 | D:1      | Reached XP level 1. HP: 15/15 MP: 0/0
   632 | D:1      | Reached XP level 2. HP: 20/21 MP: 0/0
  1246 | D:2      | HP: 1/21 [frozen (7)]
  1253 | D:2      | Reached XP level 3. HP: 2/26 MP: 0/0
  1253 | D:2      | Learned a level 1 spell: Necrotise
  2489 | D:3      | Reached XP level 4. HP: 26/31 MP: 0/0
  2888 | D:3      | Found a faded altar of an unknown god.
  2894 | D:3      | Reached skill level 1 in Fighting
  2952 | D:3      | Reached XP level 5. HP: 28/37 MP: 0/0
  2952 | D:3      | Learned a level 2 spell: Call Imp
  3433 | D:3      | Noticed Sigmund
  3436 | D:3      | Killed Sigmund
  3437 | D:3      | Reached XP level 6. HP: 41/46 MP: 0/0
  3574 | D:4      | Found a snail-covered altar of Cheibriados.
  3574 | D:4      | Noticed a torpor snail
  3575 | D:4      | Noticed a torpor snail
  3575 | D:4      | Noticed a torpor snail
  3879 | D:4      | Reached XP level 7. HP: 42/50 MP: 0/0
  3879 | D:4      | Learned a level 2 spell: Passwall
  4309 | D:4      | Found a broken altar of Ashenzari.
  4401 | D:5      | Entered Level 5 of the Dungeon
  4416 | D:5      | Found a runed translucent door.
  4417 | D:5      | Noticed Crazy Yiuf
  4423 | D:5      | Killed Crazy Yiuf
  4504 | D:5      | Noticed Prince Ribbit
  4513 | D:5      | Killed Prince Ribbit
  4514 | D:5      | Reached skill level 5 in Fighting
  4514 | D:5      | Reached skill level 5 in Dodging
  4679 | D:5      | Reached XP level 8. HP: 51/59 MP: 0/0
  4783 | D:5      | Found a glowing golden altar of the Shining One.
  4788 | D:5      | Found an ornate altar of the Wu Jian Council.
  5241 | D:5      | Reached skill level 1 in Armour
  5294 | D:5      | Reached skill level 5 in Spellcasting
  6041 | D:6      | Found a shimmering altar of Xom.
  6240 | D:6      | Reached XP level 9. HP: 47/66 MP: 0/0
  6240 | D:6      | Learned a level 4 spell: Corpse Rot
  6997 | D:7      | Found a runed translucent gate.
  7011 | D:7      | Identified the +4 buckler of Jevatuapn {-Cast Rampage rPois
                  | rN+++}
  7293 | D:7      | Found a runed translucent gate.
  7293 | D:7      | Found a runed translucent gate.
  7297 | D:7      | Noticed Zeldest's ghost (novice DgFi)
  7486 | D:7      | Found Moblyaz's Antique Weapon Emporium.
  7494 | D:7      | Bought an iridescent shortbow for 232 gold pieces
  7494 | D:7      | Identified the +12 shortbow of Contention {vorpal, +Blink
                  | Will++ MP-9 Dex+9} (You bought it in a shop on level 7 of
                  | the Dungeon)
  7570 | D:7      | Reached skill level 1 in Ranged Weapons
  7574 | D:7      | Found a staircase to the Ecumenical Temple.
  7578 | Temple   | Entered the Ecumenical Temple
  8074 | Temple   | Became a worshipper of Warmaster Okawaru
  9042 | D:7      | Killed Zeldest's ghost
  9042 | D:7      | Reached * piety under Okawaru
  9043 | D:7      | Reached skill level 2 in Ranged Weapons
  9043 | D:7      | Reached XP level 10. HP: 52/73 MP: 0/0
  9203 | D:8      | Reached skill level 3 in Ranged Weapons
  9251 | D:8      | HP: 3/73 [orc warrior/+1 scimitar of holy wrath (11)]
  9581 | D:8      | Found Zaumerr's Armour Boutique.
  9728 | D:8      | Reached skill level 4 in Ranged Weapons
  9734 | D:8      | Reached ** piety under Okawaru
  9997 | D:8      | Reached skill level 5 in Ranged Weapons
 10019 | D:8      | Identified the +2 flail of the World {venom, rElec Str+4
                  | Int-5}
 10445 | D:9      | Reached skill level 6 in Ranged Weapons
 10584 | D:9      | Noticed a two-headed ogre
 10594 | D:9      | Killed a two-headed ogre
 10594 | D:9      | Reached *** piety under Okawaru
 10595 | D:9      | Reached XP level 11. HP: 72/81 MP: 0/0
 10595 | D:9      | Learned a level 5 spell: Agony
 10686 | D:9      | Reached skill level 7 in Ranged Weapons
 10798 | D:9      | Found a sacrificial altar of Ru.
 10858 | D:9      | Noticed Psyche
 10863 | D:9      | Killed Psyche
 10940 | D:9      | Reached skill level 8 in Ranged Weapons
 10954 | D:9      | Reached **** piety under Okawaru
 11043 | D:9      | Noticed Erica
 11048 | D:9      | Killed Erica
 11615 | D:9      | Found a staircase to the Orcish Mines.
 11667 | D:9      | Reached skill level 9 in Ranged Weapons
 12032 | D:10     | Entered Level 10 of the Dungeon
 12048 | D:10     | Noticed Grum
 12053 | D:10     | Noticed Harold
 12054 | D:10     | Killed Grum
 12062 | D:10     | Killed Harold
 12157 | D:10     | Noticed an eight-headed hydra
 12270 | D:10     | Reached ***** piety under Okawaru
 12436 | D:10     | Found a hide-covered altar of Uskayaw.
 12436 | D:10     | Noticed a two-headed ogre
 12441 | D:10     | Killed a two-headed ogre
 12442 | D:10     | Reached skill level 10 in Ranged Weapons
 12478 | D:10     | Reached XP level 12. HP: 43/86 MP: 0/0
 12678 | D:10     | Identified the +6 dire flail "Loeceps" {drain, Int+7}
                  | (Okawaru gifted it to you on level 10 of the Dungeon)
 12678 | D:10     | Received a gift from Okawaru
 12790 | D:10     | Found a stormy altar of Qazlal.
 12931 | D:10     | Killed an eight-headed hydra
 13215 | D:10     | Reached skill level 11 in Ranged Weapons
 13699 | D:10     | Noticed Maurice
 13717 | D:10     | Killed Maurice
 14779 | D:11     | Found a staircase to the Lair.
 14830 | D:11     | Reached skill level 12 in Ranged Weapons
 15085 | Lair:1   | Entered Level 1 of the Lair of Beasts
 15218 | Lair:1   | Reached skill level 5 in Invocations
 15256 | Lair:1   | Reached ****** piety under Okawaru
 15259 | Lair:1   | Reached XP level 13. HP: 77/92 MP: 0/0
 15259 | Lair:1   | Learned a level 5 spell: Lightning Bolt
 15997 | Lair:2   | Received a gift from Okawaru
 16561 | Lair:2   | Found a staircase to the Snake Pit.
 16594 | Lair:2   | Reached skill level 1 in Evocations
 16941 | Lair:2   | Found a staircase to the Shoals.
 17066 | Lair:3   | Noticed an eight-headed hydra
 17080 | Lair:3   | Killed an eight-headed hydra
 17151 | Lair:3   | Found a dark tunnel.
 17167 | Volcano  | Entered a volcano
 17421 | Volcano  | Reached skill level 13 in Ranged Weapons
 17424 | Volcano  | Received a gift from Okawaru
 18144 | Volcano  | Noticed an orb of fire
 18146 | Volcano  | Noticed an orb of fire
 18639 | Lair:3   | Reached XP level 14. HP: 74/101 MP: 0/0
 18839 | Lair:3   | You are sucked into a shaft and drop 2 floors!
 18839 | Lair:5   | Entered Level 5 of the Lair of Beasts
 19501 | Lair:4   | Found a transporter.
 19505 | Lair:4   | Noticed Ithra's ghost (journeyman OgTm)
 19573 | Lair:4   | Found a transporter.
 19791 | Lair:4   | Received a gift from Okawaru
 19792 | Lair:4   | Reached skill level 14 in Ranged Weapons
 19823 | Lair:4   | Reached skill level 10 in Fighting
 20093 | Lair:4   | Received a gift from Okawaru
 20098 | Lair:4   | Reached skill level 10 in Dodging
 20723 | Lair:4   | Killed Ithra's ghost
 21066 | Lair:5   | Received a gift from Okawaru
 21217 | Lair:5   | Reached skill level 10 in Invocations
 21329 | Lair:5   | Found a viscous altar of Jiyva.
 21332 | Lair:5   | Found a staircase to the Slime Pits.
 21858 | Lair:5   | Reached XP level 15. HP: 95/107 MP: 0/0
 21858 | Lair:5   | Learned a level 6 spell: Simulacrum
 22368 | Lair:5   | Identified the +14 chain mail of the Valley {rCorr}
 22806 | D:12     | Found a transporter.
 22808 | D:12     | Noticed Wiilli's ghost (journeyman DESu)
 23108 | D:12     | Found a transporter.
 23321 | D:12     | Noticed Lodul
 23353 | D:12     | Killed Lodul
 23993 | D:12     | Noticed a tengu reaver
 24002 | D:12     | Received a gift from Okawaru
 24003 | D:12     | Reached skill level 15 in Ranged Weapons
 24007 | D:12     | Killed a tengu reaver
 24330 | D:12     | Killed Wiilli's ghost
 25078 | D:13     | Identified the +0 helmet of Osudo {Str+2 Int+2} (Okawaru
                  | gifted it to you on level 13 of the Dungeon)
 25078 | D:13     | Received a gift from Okawaru
 25286 | D:13     | Reached XP level 16. HP: 81/116 MP: 0/0
 26911 | D:14     | Found a gate to the Vaults.
 27201 | D:15     | Entered Level 15 of the Dungeon
 27505 | D:15     | Reached skill level 16 in Ranged Weapons
 27551 | D:15     | Found a staircase to the Depths.
 28077 | Orc:1    | Entered Level 1 of the Orcish Mines
 28127 | Orc:1    | Noticed Snorg
 28136 | Orc:1    | You are sucked into a shaft and drop 1 floor!
 28136 | Orc:2    | Entered Level 2 of the Orcish Mines
 28161 | Orc:2    | Found an iron altar of Okawaru.
 28288 | Orc:2    | Found a gate leading to a gauntlet.
 28295 | Orc:2    | Found a staircase to the Elven Halls.
 28300 | Gauntlet | Entered a Gauntlet
 28300 | Gauntlet | Found a transporter.
 28309 | Gauntlet | Found a transporter.
 28324 | Gauntlet | Found a transporter.
 28330 | Gauntlet | Found a transporter.
 28359 | Gauntlet | Found a transporter.
 28359 | Gauntlet | Found a transporter.
 28381 | Gauntlet | Found a transporter.
 28392 | Gauntlet | Found a transporter.
 28441 | Gauntlet | Identified the +5 scale mail of the Pleiades {rElec}
                  | (Okawaru gifted it to you in a Gauntlet)
 28441 | Gauntlet | Received a gift from Okawaru
 28457 | Gauntlet | Found a transporter.
 28460 | Gauntlet | Found a transporter.
 28475 | Gauntlet | Found the ring of Shadows {Umbra +Inv Stlth+}
 28485 | Gauntlet | Identified the +1 war axe of the Hall of Blades {flame,
                  | rCorr Dex+2}
 28488 | Gauntlet | Found a transporter.
 28556 | Gauntlet | Found a transporter.
 28584 | Gauntlet | Found a transporter.
 28597 | Gauntlet | Reached skill level 5 in Stealth
 28640 | Gauntlet | Identified the +1 pair of boots of the Lute {Int+2 SInv
                  | Stlth+}
 28681 | Gauntlet | Found a transporter.
 28691 | Gauntlet | Identified the +11 war axe of the Spider Nest {flame,
                  | Int+4}
 28709 | Gauntlet | Identified the +3 war axe of a sewer {vorpal, Int+5}
 28709 | Gauntlet | Identified the +2 ring mail of Das Tub {Str+2 Int+7 Slay-3}
 29203 | Orc:2    | Found Huolom's Armour Boutique.
 29216 | Orc:2    | Found Zyxalola's Antique Weapon Emporium.
 29339 | Orc:2    | Found Godecsao's Book Boutique.
 29497 | Orc:2    | Found Hiusomelia's Weapon Emporium.
 30349 | Orc:1    | Killed Snorg
 30567 | Snake:1  | Entered Level 1 of the Snake Pit
 30814 | Snake:1  | Identified the +1 robe "Harymuro" {Contam Rampage rElec
                  | Regen+} (Okawaru gifted it to you on level 1 of the Snake
                  | Pit)
 30814 | Snake:1  | Received a gift from Okawaru
 30867 | Snake:1  | Noticed Azrael
 30875 | Snake:1  | Killed Azrael
 30876 | Snake:1  | Reached XP level 17. HP: 86/125 MP: 0/0
 30876 | Snake:1  | Learned a level 6 spell: Starburst
 32373 | Snake:2  | Noticed Asterion
 32570 | Snake:2  | Killed Asterion
 32720 | Snake:2  | Reached skill level 5 in Evocations
 32973 | Snake:2  | Reached skill level 5 in Armour
 32978 | Snake:2  | Received a gift from Okawaru
 33167 | Snake:2  | Noticed Aizul
 33187 | Snake:2  | Killed Aizul
 34197 | Snake:3  | Identified the +7 longbow of the Asp {venom, Str+4 Int+3}
                  | (Okawaru gifted it to you on level 3 of the Snake Pit)
 34197 | Snake:3  | Received a gift from Okawaru
 34439 | Snake:3  | Identified Roxanne's Secrets of Silt
 34439 | Snake:3  | Noticed Roxanne
 34459 | Snake:3  | Killed Roxanne
 34480 | Snake:3  | Noticed Vashnia
 34830 | Snake:3  | Reached XP level 18. HP: 127/135 MP: 0/0
 34880 | Snake:3  | Killed Vashnia
 34911 | Snake:3  | Identified the +5 arbalest "Duewn" {elec, rPois rN+}
                  | (Okawaru gifted it to you on level 3 of the Snake Pit)
 34911 | Snake:3  | Received a gift from Okawaru
 35368 | Snake:3  | Found Negru's Antique Armour Shoppe.
 35379 | Snake:3  | Bought a polished leather armour for 182 gold pieces
 35379 | Snake:3  | Identified the +2 leather armour "Magog" {Will+ Str+2
                  | Dex+3} (You bought it in a shop on level 3 of the Snake
                  | Pit)
 35381 | Snake:3  | Bought an ichor-stained ring mail for 234 gold pieces
 35381 | Snake:3  | Identified the +1 ring mail of Agnosticism {Rampage rC+}
                  | (You bought it in a shop on level 3 of the Snake Pit)
 36113 | Snake:3  | Identified the +1 shortbow of the Puckish God {vorpal,
                  | +Blink Dex+9} (Okawaru gifted it to you on level 3 of the
                  | Snake Pit)
 36113 | Snake:3  | Received a gift from Okawaru
 36476 | Snake:4  | Entered Level 4 of the Snake Pit
 37664 | Snake:4  | Identified the +5 dire flail of the Chewing Gods {vorpal,
                  | rC++ Str+4} (Okawaru gifted it to you on level 4 of the
                  | Snake Pit)
 37664 | Snake:4  | Received a gift from Okawaru
 38534 | Snake:4  | Reached skill level 10 in Spellcasting
 38722 | Snake:4  | Reached XP level 19. HP: 125/140 MP: 0/0
 38722 | Snake:4  | Learned a level 6 spell: Statue Form
 38900 | Snake:4  | Received a gift from Okawaru
 39352 | Snake:4  | Got a serpentine rune of Zot
 39478 | Snake:4  | Received a gift from Okawaru
 40289 | Shoals:1 | Entered Level 1 of the Shoals
 40577 | Shoals:1 | Found Egrel's Specific Store.
 40579 | Shoals:1 | Found Qeamabbu's General Store.
 41642 | Shoals:2 | Found Ubraisu's Weapon Shop.
 41658 | Shoals:2 | Identified a scroll of acquirement
 41658 | Shoals:2 | Acquired a manual of Fighting
 41668 | Shoals:2 | Noticed Ilsuiw
 41720 | Shoals:2 | Received a gift from Okawaru
 41760 | Shoals:2 | HP: 4/141 [green ugly thing (5)]
 41762 | Shoals:2 | Killed from afar by a manticore

Illustrated notes

Levels and vault maps discovered:
D:1:      kennysheep_arrival_forest, layout_basic,
          chequers_serial_rivers_large_b
D:2:      layout_loops_ring
D:3:      layout_loops_ring, shapermc_ecumenical_altar_starsandcircs,
          uniq_sigmund
D:4:      nicolae_cairo_tiling_large_dashed, layout_basic, cheibriados_altar_2,
          mainiacjoe_overflow_alcove_2, nrook_mini_vaults
D:5:      layout_basic, mainiacjoe_overflow_alcove_1, tso_metal_star,
          uniq_crazy_yiuf_cottage, uniq_prince_ribbit1
D:6:      layout_loops_cross, kennysheep_little_box
D:7:      layout_gridville, minmay_temple_entry_glassed_door, serial_shops,
          shop_fountains, ebering_ghost_rock_garden
D:8:      layout_cave_pools, kennysheep_windowed_goal
D:9:      layout_loops_ring, nicolae_overflow_two_pavilions, lemuel_tele_altar,
          zombieorc2_lemuel, uniq_erica, uniq_psyche
D:10:     nzn_winding_woodlands_cross [nzn_winding_woodlands_5x15_crooked,
          nzn_winding_woodlands_5x15_pockets, nzn_winding_woodlands_5x15_twine,
          nzn_winding_woodlands_5x15_jagged,
          nzn_winding_woodlands_15x15_eel_pit], layout_layer_cave,
          overflow_temple_1_default, nicolae_uskayaw_suspiria,
          lightli_wizard_tower, uniq_harold, uniq_grum, uniq_maurice
D:11:     layout_rooms, lair_entry_dummy
D:12:     evilmike_library_of_no_secrets, layout_loops_ring,
          gammafunk_ghost_mausoleum, uniq_lodul
D:13:     layout_long_grid
D:14:     layout_roguey, ximxim_vaults_locker_room, bh_walls_and_bars
D:15:     gammafunk_depths_entry_grave, layout_small_grid
Temple:   chequers_temple_sunken
Lair:1:   layout_regular_city
Lair:2:   layout_regular_city, minmay_shoals_entry_hut, dummy_snake_entry
Lair:3:   layout_roguey, enter_volcano_3, lemuel_fruit_fields,
          grunt_megastairs_4, infiniplex_staircase_pool
Lair:4:   layout_cave_pods, serial_forest, infiniplex_forest_lined_2,
          infiniplex_forest_zigzag_2, infiniplex_forest_lined_room_3,
          infiniplex_forest_end_1, infiniplex_forest_straight_4,
          gammafunk_ghost_arena, serial_bayou_shore_a
Lair:5:   evilmike_catoblepas_cave, layout_hall_layers,
          minmay_slime_entry_pillars, infiniplex_staircase_pool_2
Shoals:1: layout_shoals, nicolae_specific_store
Shoals:2: layout_shoals, portal_ice_cave_entry_ugly_swarm, serial_shops,
          nicolae_shop_hallway_stairs, uniq_ilsuiw
Snake:1:  layout_gridlike, uniq_azrael
Snake:2:  layout_rooms, nicolae_snake_naga_rites, uniq_asterion, uniq_aizul
Snake:3:  layout_honeycomb, serial_shops, nicolae_shop_behind_doors,
          uniq_roxanne, uniq_vashnia
Snake:4:  snake_pit_salamanders_mu, layout_misc_corridors, grunt_ministairs_6,
          nicolae_snake_linked_coils, nrook_guardian_serpent_double
Orc:1:    layout_caves, basic_altar, uniq_snorg
Orc:2:    st_orc_town, layout_caves, gauntlet_entry_generic, roderic_batcave,
          okawaru_metal_pillars_3

Skill      XL: |  1  2  3  4  5  6  7  8  9 10 11 12 13 14 15 16 17 18 19 |
---------------+----------------------------------------------------------+-----
Spellcasting   | 3 4 5 6 10 11 | 11.8
Fighting       | 1 3 5 6 7 8 9 10 11 12 14 | 14.6
Dodging        | 4 5 6 7 8 10 12 13 14 | 14.0
Armour         | 2 3 4 5 6 8 |  8.0
Ranged Weapons | 2 6 10 12 13 14 15 16 | 16.0
Invocations    | 2 6 7 10 | 10.0
Evocations     | 2 4 5 6 |  6.0
Stealth        | 3 5 6 8 |  8.0
Shields        | |  0.5

Action                   |  1- 3 |  4- 6 |  7- 9 | 10-12 | 13-15 | 16-18 | 19-21 || total
-------------------------+-------+-------+-------+-------+-------+-------+-------++-------
Melee: Dagger            |    19 |    10 |    90 |       |       |       |       ||   119
       Punch             |       |       |     4 |       |       |       |       ||     4
       Shortbow          |       |       |       |     3 |       |       |       ||     3
 Fire: Shortbow          |       |       |    20 |   431 |   898 |  1604 |   513 ||  3466
 Cast: Foxfire           |    18 |     2 |    23 |    13 |       |       |       ||    56
       Scorch            |    18 |    39 |   101 |    24 |       |       |       ||   182
       Flame Wave        |       |       |       |       |     3 |       |       ||     3
       Statue Form       |       |       |       |       |       |       |     1 ||     1
Invok: Heroism           |       |       |       |     1 |     9 |     7 |       ||    17
       Finesse           |       |       |       |       |     5 |     4 |     1 ||    10
 Abil: Evoke Blink       |       |       |     3 |     2 |     5 |     6 |       ||    16
  Use: Scroll            |     1 |     4 |    11 |     7 |     4 |     7 |     3 ||    37
       Potion            |       |       |       |       |     1 |       |     1 ||     2
 Stab: Sleeping          |       |     1 |     4 |       |       |       |       ||     5
Armor: Leather armour    |    12 |    15 |     3 |       |       |       |       ||    30
       Robe              |       |       |    15 |    41 |    41 |    70 |    18 ||   185
       Skin              |       |       |       |       |       |       |     1 ||     1
Dodge: Dodged            |    25 |    13 |    51 |   164 |   194 |   509 |    87 ||  1043

Table legend: (Time is in decaauts)
 A = Elapsed time spent in this place.
 B = Non-inter-level travel time spent in this place.
 C = Inter-level travel time spent in this place.
 D = Time resting spent in this place.
 E = Time spent auto-exploring this place.
 F = Levels seen in this place.
 G = Mean time per level.
                   A        B        C        D        E       F      G
               +--------+--------+--------+--------+--------+-----+--------+
         Total |  40868 |  38991 |   1877 |  14065 |  17725 |  31 | 1318.3 |
       Dungeon |  19897 |  18820 |   1077 |   6070 |   9921 |  15 | 1326.5 |
        Temple |    514 |    472 |     42 |      0 |    465 |   1 |  514.0 |
          Lair |   6197 |   5904 |    293 |   1482 |   3437 |   5 | 1239.4 |
        Shoals |   1415 |   1404 |     11 |    483 |    642 |   2 |  707.5 |
     Snake Pit |   9286 |   8998 |    288 |   4796 |   2334 |   4 | 2321.5 |
  Orcish Mines |   1848 |   1684 |    164 |    349 |    898 |   2 |  924.0 |
       Volcano |   1299 |   1299 |      0 |    884 |     28 |   1 | 1299.0 |
      Gauntlet |    409 |    409 |      0 |      0 |      0 |   1 |  409.0 |
               +--------+--------+--------+--------+--------+-----+--------+

Top non-repeatable levels by time:
 Snake:4: 3043 daAuts
    D:10: 2601 daAuts
 Snake:3: 2397 daAuts
 Snake:2: 2069 daAuts
    D:12: 1848 daAuts
 Snake:1: 1776 daAuts
     D:9: 1750 daAuts
  Lair:5: 1722 daAuts
     D:5: 1595 daAuts
  Lair:4: 1499 daAuts
    D:14: 1465 daAuts
     D:6: 1385 daAuts
Shoals:1: 1332 daAuts
 Volcano: 1299 daAuts
     D:8: 1269 daAuts
